 Dungeon Crawl Stone Soup version 0.32-a0-961-gd60f5e5fc7 (webtiles) character file.

Game seed: 12592047637624663246

837 LadyBoffin the Grave Robber (level 7, -7/49 HPs)
             Began as a Demonspawn Necromancer on Apr 17, 2024.
             Mangled by a +1 great sword of electrocution (16 damage)
             ... created by the wrath of Beogh
             ... on level 5 of the Dungeon on Apr 18, 2024.
             The game lasted 00:32:55 (5073 turns).

LadyBoffin the Grave Robber (DsNe)                  Turns: 5073, Time: 00:32:56

Health: -7/49      AC:  3    Str:  8    XL:     7   Next: 66%
Magic:  10/13      EV: 12    Int: 17    God:
Gold:   195        SH:  0    Dex: 16    Spells: 10/14 levels left

rFire   + . .        t - +0 flail (drain)
rCold   + . .        (no shield)
rNeg    . . .        s - +0 leather armour
rPois   +            (helmet restricted)
rElec   +            (no cloak)
rCorr   +            (no gloves)
SInv    .            (no boots)
Will    .....        (no amulet)
Stlth   +++          (no ring)
HPRegen 0.28/turn    (no ring)
MPRegen 0.13/turn

%: no passive effects
@: resistant
A: horns 1, thin skeletal structure 1, foul stench 1
a: no special abilities


You were on level 5 of the Dungeon.
You visited 1 branch of the dungeon, and saw 5 of its levels.

You collected 195 gold pieces.

Inventory:

Hand Weapons
 f - a +0 whip
 i - a +0 dagger of venom
 t - a +0 flail of draining (weapon)
Armour
 a - a +0 robe
 g - a +1 robe of cold resistance
 p - an orb of light
 s - a +0 leather armour (worn)
 u - a +2 robe of resistance
Jewellery
 j - an amulet of guardian spirit
Wands
 m - a wand of flame (25)
Scrolls
 l - a scroll of poison {unknown}
 n - a scroll of teleportation {unknown}
 o - a scroll of immolation {unknown}
Potions
 b - a potion of magic
 d - a potion of attraction
 e - a potion of ambrosia
 q - a potion of lignification {unknown}
 r - a potion of curing {unknown}


   Skills:
 + Level 1.7 Fighting
 + Level 4.3 Dodging
 - Level 4.1 Stealth
 + Level 4.3 Spellcasting
 + Level 6.5 Necromancy


You had 10 spell levels left.
You knew the following spells:

 Your Spells              Type           Power      Damage    Failure   Level
a - Necrotise             Necr           100%       1d9       1%          1
b - Vampiric Draining     Necr           25%        2d7       4%          3

Your spell library contained the following spells:

 Spells                   Type           Power      Damage    Failure   Level
 Animate Dead             Necr           25%        N/A       16%         4
 Lesser Beckoning         Tloc           6%         N/A       34%         2
 Curse of Agony           Necr           25%        N/A       41%         5
 Anguish                  Hex/Necr       7%         N/A       52%         4
 Call Canine Familiar     Summ           3%         N/A       56%         3
 Maxwell's Portable Pile  Tloc           3%         2d(5-14)  56%         3
 Sigil of Binding         Hex            3%         N/A       56%         3
 Teleport Other           Tloc           3%         N/A       56%         3
 Cause Fear               Hex            1%         N/A       92%         4
 Dimensional Bullseye     Hex/Tloc       1%         N/A       92%         4
 Enfeeble                 Hex            1%         N/A       100%        7


Dungeon Overview and Level Annotations

Branches:
Dungeon (5/15)
 Temple: D:4-7

Altars:
Xom
Yredelemnul

Shops:
D:2 :   D:3 *

Annotations:
D:3 Ijyb


Innate Abilities, Weirdness & Mutations

You have a pair of small horns on your head.
You have a somewhat thin skeletal structure. (Dex +2, Stealth+)
You may rarely emit foul miasma when damaged in melee.


Message History

The sleepcap releases spores at you!
You wake up.
You are engulfed in a cloud of soporific spores!
You are unaffected.
Casting: Necrotise (safe; 1% risk of failure)
Confirm with . or Enter, or press ? or * to list all spells.
Aiming: Necrotise (safe; 1% risk of failure)
Press: ? - help, Shift-Dir - straight line, f/p - sleepcap
Aim: a sleepcap (heavily damaged, chance to affect: 88%)
The sleepcap writhes in agony.
The sleepcap releases spores at you but does no damage.
Casting: Necrotise (safe; 1% risk of failure)
Confirm with . or Enter, or press ? or * to list all spells.
Aiming: Necrotise (safe; 1% risk of failure)
Press: ? - help, Shift-Dir - straight line, f/p - sleepcap
Aim: a sleepcap (severely damaged, chance to affect: 88%)
The sleepcap writhes in agony.
The sleepcap misses you.
Casting: Necrotise (safe; 1% risk of failure)
Confirm with . or Enter, or press ? or * to list all spells.
Aiming: Necrotise (safe; 1% risk of failure)
Press: ? - help, Shift-Dir - straight line, f/p - sleepcap
Aim: a sleepcap (almost destroyed, chance to affect: 88%)
The sleepcap writhes in agony.
You destroy the sleepcap!
You start resting.
Beogh throws implements of electrocution at you.
A +2 halberd of electrocution and a +1 great sword of electrocution come into view.
Press: ? - help, v - describe, . - travel
Here: a +1 great sword of electrocution (durably summoned)
The floor.
As you read the scroll labelled LODEAT OKKEDIA, it crumbles to dust.
You feel aware of your surroundings.
It was a scroll of revelation.
The +2 halberd of electrocution hits you!
You are electrocuted!!
* * * LOW HITPOINT WARNING * * *
It was a potion of resistance.
You feel protected.
The +2 halberd of electrocution misses you.
The +1 great sword of electrocution hits you!
You die...
Beogh appreciates the +1 great sword of electrocution's killing of an apostate.

,.......*
,.......*###############
,..f....*###############
,.......*###############
,.......*###############
,.......################
>...........).)..#######
,.......)#######(#######
'#######)#######@#######
,******#.#######(#######
,*,,,,,..#######.#######
,*,****#########.#######
,,,* #######.....###
**** ###########.###
###########.###
###########.### #.#


You could see 2 dancing weapons.

Vanquished Creatures
  Sigmund (D:4)
  An ogre (D:4)
  A phantom (D:4)
  3 jellies
  5 hounds
  An orc priest (D:4)
  A sleepcap (D:5)
  9 gnolls
  4 adders
  A ribbon worm (D:3)
  2 dart slugs
  6 orcs
  2 ball pythons
  10 endoplasms
  4 giant cockroaches
  6 goblins
  6 hobgoblins
  2 kobolds
  6 quokkas
  8 bats
  4 frilled lizards
  5 rats
88 creatures vanquished.

Vanquished Creatures (collateral kills)
  2 adders
  2 endoplasms
  2 goblins
  A hobgoblin (D:1)
  2 kobolds
  A quokka (D:1)
  A bat (D:1)
  A rat (D:3)
12 creatures vanquished.

Grand Total: 100 creatures vanquished

Notes
Turn   | Place    | Note
-------+----------+-------------------------------------------
     0 | D:1      | LadyBoffin the Demonspawn Necromancer began the quest for
                  | the Orb.
     0 | D:1      | Reached XP level 1. HP: 13/13 MP: 3/3
   228 | D:1      | Gained mutation: You have a pair of small horns on your
                  | head. [demonic ancestry]
   228 | D:1      | Reached XP level 2. HP: 19/19 MP: 0/5
  1197 | D:2      | Found Qoejea Vatei's Book Emporium.
  1201 | D:2      | Gained mutation: You have a somewhat thin skeletal
                  | structure. (Dex +2, Stealth+) [demonic ancestry]
  1201 | D:2      | Reached XP level 3. HP: 20/24 MP: 1/6
  1709 | D:2      | You fall into a shaft and drop 1 floor!
  1746 | D:3      | Found a basalt altar of Yredelemnul.
  1747 | D:3      | Found a shimmering altar of Xom.
  2008 | D:3      | Noticed Ijyb
  2108 | D:3      | Gained mutation: You may rarely emit foul miasma when
                  | damaged in melee. [demonic ancestry]
  2108 | D:3      | Reached XP level 4. HP: 30/30 MP: 3/7
  2117 | D:3      | Reached skill level 5 in Necromancy
  2342 | D:3      | Reached XP level 5. HP: 35/35 MP: 9/9
  2346 | D:3      | Learned a level 3 spell: Vampiric Draining
  2802 | D:3      | Found Qycupuje's General Store.
  3371 | D:4      | Noticed Sigmund
  3514 | D:4      | Reached XP level 6. HP: 41/41 MP: 6/10
  4179 | D:4      | Became a worshipper of Beogh the Shepherd
  4213 | D:4      | Fell from the grace of Beogh
  4330 | D:4      | Reached skill level 6 in Necromancy
  4330 | D:4      | Reached XP level 7. HP: 28/46 MP: 2/12
  4560 | D:4      | Killed Sigmund
  4561 | D:4      | Reached skill level 1 in Fighting
  4736 | D:4      | Noticed an orc knight
  4798 | D:5      | Entered Level 5 of the Dungeon
  5071 | D:5      | Noticed a +2 halberd of electrocution
  5071 | D:5      | Noticed a +1 great sword of electrocution
  5073 | D:5      | Mangled by a +1 great sword of electrocution

Illustrated notes

Levels and vault maps discovered:
D:1:      elethiomel_arrival_shortcut, layout_loops_corners
D:2:      layout_basic, serial_shops, nicolae_shop_tiny_glass, dk_noncrumbling_3
D:3:      minmay_razor_zed, layout_loops_ring, gammafunk_temple_overflow_statue,
          serial_shops, shop, minmay_misc_feat_tiny, uniq_ijyb
D:4:      layout_basic, uniq_sigmund
D:5:      layout_basic, nicolae_goblin_pals

Skill      XL: |  1  2  3  4  5  6  7 |
---------------+----------------------+-----
Dodging        | 2 3 4 |  4.3
Stealth        | 2 3 4 |  4.1
Necromancy     | 5 6 |  6.5
Spellcasting   | 3 4 |  4.3
Fighting       | 1 |  1.7

Action                     |  1- 3 |  4- 6 |  7- 9 || total
---------------------------+-------+-------+-------++-------
  Melee: Unarmed           |    16 |       |       ||    16
         Whip              |    32 |       |       ||    32
         Headbutt          |     1 |     6 |     1 ||     8
         Dagger            |     1 |    25 |       ||    26
         Flail             |       |     2 |     3 ||     5
   Cast: Necrotise         |    76 |    99 |    37 ||   212
 Invoke: Renounce Religion |       |     1 |       ||     1
         Convert to Beogh  |       |     1 |       ||     1
    Use: Scroll            |     5 |     2 |     1 ||     8
         Potion            |       |     1 |     3 ||     4
   Stab: Sleeping          |     2 |     1 |       ||     3
         Distracted        |       |     1 |       ||     1
 Armour: Robe              |    58 |    27 |       ||    85
         Leather armour    |       |     4 |     8 ||    12
         Skin              |       |     1 |       ||     1
  Dodge: Dodged            |    50 |    40 |     6 ||    96

Table legend: (Time is in decaauts)
 A = Elapsed time spent in this place.
 B = Non-inter-level travel time spent in this place.
 C = Inter-level travel time spent in this place.
 D = Time resting spent in this place.
 E = Time spent auto-exploring this place.
 F = Levels seen in this place.
 G = Mean time per level.
                   A        B        C        D        E       F      G
               +--------+--------+--------+--------+--------+-----+--------+
         Total |   5058 |   4625 |    433 |   1248 |   1076 |   5 | 1011.6 |
       Dungeon |   5058 |   4625 |    433 |   1248 |   1076 |   5 | 1011.6 |
               +--------+--------+--------+--------+--------+-----+--------+

Top non-repeatable levels by time:
     D:3: 1537 daAuts
     D:4: 1534 daAuts
     D:1: 1181 daAuts
     D:2: 530 daAuts
     D:5: 275 daAuts
